 Dungeon Crawl Stone Soup version 0.20-a0-252-gcc89fee (webtiles) character file.

49 Ryco the Firebug (level 3, 0/19 HPs)
             Began as a Deep Elf Fire Elementalist on Nov 30, 2016.
             Killed from afar by an orc wizard (5 damage)
             ... with a magic dart
             ... on level 3 of the Dungeon.
             The game lasted 00:05:52 (848 turns).

Ryco the Firebug (Deep Elf Fire Elementalist)        Turns: 848, Time: 00:05:52

Health: 0/19       AC:  2    Str:  4 (5)  XL:     3   Next: 53%
Magic:  7/10       EV: 13    Int: 18 (20) God:
Gold:   67         SH:  0    Dex: 13 (15) Spells: 5/9 levels left

rFire  . . .     SeeInvis .     j - +0 spear
rCold  . . .     Gourm    .     a - +0 robe
rNeg   . . .     Faith    .     (no shield)
rPois  .         Spirit   .     (no helmet)
rElec  .         Reflect  .     (no cloak)
rCorr  .         Harm     .     (no gloves)
MR     .....                    (no boots)
Stlth  ++........               (no amulet)
                                (no ring)
                                (no ring)

@: no status effects
A: no striking features
a: no special abilities


You were on level 3 of the Dungeon.
You were not hungry.

You visited 1 branch of the dungeon, and saw 3 of its levels.

You collected 67 gold pieces.

Inventory:

Hand Weapons
 h - a +0 dagger
 j - a +0 spear (weapon)
Armour
 a - a +0 robe (worn)
Scrolls
 e - a scroll of recharging {unknown}
 g - a scroll of blinking {unknown}
 k - a scroll of immolation {unknown}
 s - 2 scrolls of teleportation {unknown}
 t - a scroll of noise {unknown}
 u - a scroll of remove curse {unknown}
 v - a scroll of random uselessness {unknown}
 w - a scroll of fear {unknown}
 x - a scroll of enchant weapon {unknown}
Potions
 f - 2 potions of degeneration
 i - 2 potions of curing {unknown}
 l - 2 potions of ambrosia
 m - 2 potions of invisibility {unknown}
 n - a potion of flight {unknown}
 p - a potion of berserk rage {unknown}
 r - a potion of resistance {unknown}
Books
 b - a book of Flames

   Spells                             Type                      Level
   a - Flame Tongue                   Conjuration/Fire             1
   b - Throw Flame                    Conjuration/Fire             2
   c - Conjure Flame                  Conjuration/Fire             3
   d - Inner Flame                    Hexes/Fire                   3
   e - Sticky Flame                   Conjuration/Fire             4
   f - Fireball                       Conjuration/Fire             5
Comestibles
 c - 2 bread rations
 d - 5 meat rations
 o - 3 fruits
 q - a beef jerky


   Skills:
 + Level 2.6 Dodging
 - Level 2.4 Stealth
 + Level 3.5 Spellcasting
 * Level 2.1 Conjurations
 + Level 4.1 Fire Magic


You had 5 spell levels left.
You knew the following spells:

 Your Spells              Type           Power        Failure   Level  Hunger
a - Flame Tongue          Conj/Fire      ##...        4%          1    None
c - Conjure Flame         Conj/Fire      ##......     14%         3    ###....


Dungeon Overview and Level Annotations

Branches:
Dungeon (3/15)

Altars:
Yredelemnul


Message History

The orc wizard hits you with a dagger.
Casting: Flame Tongue
Confirm with . or Enter, or press ? or * to list all spells.
Aiming: Flame Tongue
Press: ? - help, Shift-Dir - straight line, f/p - orc wizard
Aim: an orc wizard, wielding a dagger and wearing a robe (heavily wounded)
The flame tongue hits the orc wizard.
The orc wizard is severely wounded.
The orc wizard hits you with a dagger.
* * * LOW HITPOINT WARNING * * *
Casting: Flame Tongue
Confirm with . or Enter, or press ? or * to list all spells.
Aiming: Flame Tongue
Press: ? - help, Shift-Dir - straight line, f/p - orc wizard
Aim: an orc wizard, wielding a dagger and wearing a robe (severely wounded)
The flame tongue hits the orc wizard.
The orc wizard appears unharmed.
The orc wizard is severely wounded.
The orc wizard gestures at you while chanting.
The magic dart hits you!
You die...

≈≈≈≈≈≈..# #..
≈≈≈≈≈≈≈.# #.#
.≈≈.....# #.#
...≈....# #.#
#######.#
##.###.#.#
#.#
####..)......
#.#
#...go###.#.#
#.# #.##o##
#.# #.##@#
#.# #.##.#
#.# #.##.#
#.#####.##.#
##.#.....##.#
#....######.#
.# #)...# #.#
#.## #....#
#..
...###.##.#


You could see an orc wizard, an orc and a hobgoblin.

Vanquished Creatures
  An adder (D:2)
  2 leopard geckos (D:1)
  7 orcs
  A ball python (D:2)
  A bat (D:2)
  2 giant cockroaches (D:2)
  2 goblins
  4 hobgoblins
  2 frilled lizards
  2 kobolds
  6 rats
30 creatures vanquished.

Notes
Turn   | Place    | Note
-------+----------+-------------------------------------------
     0 | D:1      | Ryco the Deep Elf Fire Elementalist began the quest for the Orb.
     0 | D:1      | Reached XP level 1. HP: 10/10 MP: 6/6
   309 | D:2      | Reached XP level 2. HP: 15/15 MP: 5/8
   377 | D:2      | Found a basalt altar of Yredelemnul.
   486 | D:1      | Reached skill level 4 in Fire Magic
   513 | D:2      | Reached XP level 3. HP: 10/19 MP: 1/10
   518 | D:2      | Learned a level 3 spell: Conjure Flame
   769 | D:3      | Found a faded altar of an unknown god.
   848 | D:3      | Killed from afar by an orc wizard

Vault maps used:
D:1:      minmay_arrival_stair_chambers, minmay_misc_feat_square
D:2:      old_standard_altar, lemuel_zombie_altar_kikubaaqudgha
D:3:      chequers_ecumenical_altar_island, grunt_decor_mini_mirrors,
          uniq_grinder

Skill      XL: |  1  2  3 |
---------------+----------+-----
Fire Magic     | 4 |  4.1
Conjurations   | 2 |  2.1
Dodging        | |  2.6
Stealth        | |  2.4
Spellcasting   | |  3.5

Action                   || total
-------------------------++-------
Melee: Spear             ||     2
 Cast: Flame Tongue      ||    59
  Use: Potion            ||     2
Armor: Robe              ||     7
Dodge: Dodged            ||    16
